 Dungeon Sprint DCSS version 0.26-a0-1086-g9010512d90 (webtiles) character file.

Game seed: 9573433119999149279

7574 mhtbhm the Whirler (level 11, -3/83 HPs)
             Began as a Halfling Hunter on Dec 14, 2020.
             Was a High Priest of Okawaru.
             Slain by an orc warrior
             ... wielding a +0 short sword
              (9 damage)
             ... in the Dungeon (Sprint IX: "|||||||||||||||||||||||||||||").
             The game lasted 00:05:09 (2996 turns).

mhtbhm the Whirler (Halfling Hunter)                Turns: 2996, Time: 00:05:09

Health: -3/83      AC: 17    Str: 17    XL:     11   Next: 39%
Magic:  11/11      EV: 20    Int:  9    God:    Okawaru [*****.]
Gold:   683        SH:  0    Dex: 18    Spells: 10/10 levels left

rFire    . . .     SeeInvis .   q - +2 rapier (drain)
rCold    . . .     Faith    .   (shield restricted)
rNeg     . . .     Spirit   .   b - +1 scale mail
rPois    .         Reflect  .   y - +0 helmet
rElec    .         Harm     .   r - +0 cloak
rCorr    .         Rampage  .   s - +0 pair of gloves
Will     .....     NoTele   +   x - +2 pair of boots {Stlth+}
Stlth    ++........             (no amulet)
HPRegen  0.23/turn              o - +3 ring of strength
MPRegen  0.12/turn              p - +2 ring of evasion

@: no status effects
A: small, mutation resistance 1
a: Heroism, Finesse, Renounce Religion


You were in the Dungeon.
You worshipped Okawaru.
Okawaru was extremely pleased with you.
You visited 1 branch You collected 683 gold pieces.

Inventory:

Hand Weapons
 a - a +1 hunting sling
 q - a +2 rapier of draining (weapon)
Missiles
 d - 50 sling bullets
Armour
 b - a +1 scale mail (worn)
 c - a +0 leather armour
 r - a +0 cloak (worn)
 s - a +0 pair of gloves (worn)
 x - a +2 pair of boots of stealth (worn)
 y - a +0 helmet (worn)
Jewellery
 i - an uncursed ring of protection from fire
 o - a +3 ring of strength (left hand)
 p - a +2 ring of evasion (right hand)
Wands
 n - a wand of acid (2)
Scrolls
 j - 2 scrolls of blinking
 l - 4 scrolls of remove curse
 m - 2 scrolls of amnesia
 u - a scroll of identify
 v - a scroll of fear
 w - 2 scrolls of enchant armour
Potions
 e - 6 potions of curing
 f - 5 potions of heal wounds
 g - 2 potions of haste
 h - 4 potions of magic
 k - a potion of invisibility
 t - 3 potions of mutation
 z - a potion of attraction {unknown}


   Skills:
 + Level 11.3 Fighting
 * Level 16.6 Short Blades
 - Level 18.6 Slings
 + Level 10.3 Armour
 + Level 8.1 Dodging
 + Level 3.8 Stealth
 + Level 4.1 Evocations


You had 10 spell levels left.
You didn't know any spells.
Your spell library was empty.

Dungeon Overview and Level Annotations

Branches:
Dungeon (1/1)

Altars:
Cheibriados
Dithmenos
Elyvilon
Fedhas
Gozag
Hepliaklqana
Kikubaaqudgha
Makhleb
Nemelex Xobeh
Okawaru
Qazlal
Ru
Sif Muna
Trog
Uskayaw
Vehumet
Wu Jian
Xom
Yredelemnul
Zin
The Shining One
Beogh
Jiyva
Lugonu


Innate Abilities, Weirdness & Mutations

You are small and have problems with some larger weapons.
You are somewhat resistant to further mutation.


Message History

Okawaru accepts your kill.
The orc warrior throws a boomerang.
The boomerang barely misses you.
The weapon returns to the orc warrior!
Unknown command.
The orc warrior hits you with a +0 flail!
* * * LOW HITPOINT WARNING * * *
There is an open door to the Orcish Mines, spattered with blood here.
Things that are here:
a +0 war axe; a +4 chain mail You hit the orc warrior but do no damage.
You drain the orc warrior.
The orc warrior is almost dead.
You hit the orc warrior.
You kill the orc warrior!
Okawaru accepts your kill.
Unknown command.
The orc warrior hits you from afar with a +0 halberd!!
* * * LOW HITPOINT WARNING * * *
The orc warrior hits you with a +0 short sword!
You die...

▓▓▓▓▓▓▓▓▓▓▓▓▓▓▓▓▓▓▓▓▓▓▓▓▓▓▓▓▓▓▓▓
(()(.......(.ooo@).....).......▓
▓▓▓▓▓▓▓▓▓▓▓▓▓▓▓▓▓▓▓▓▓▓▓▓▓▓▓▓▓▓.▓
.)...)...............).........▓
▓▓▓▓▓▓▓▓▓▓▓▓▓▓▓▓▓▓▓▓▓▓▓▓▓▓▓▓▓▓▓▓
÷........'.......)...††'.......▓
▓▓▓▓▓▓▓▓▓▓▓▓▓▓▓▓▓▓▓▓▓▓▓▓▓▓▓▓▓▓.▓
...............................▓
▓▓▓▓▓▓▓▓▓▓▓▓▓▓▓▓▓▓▓▓▓▓▓▓▓▓▓▓▓▓▓▓
______________'.....)....)†...<▓


You could see 3 orc warriors.

Vanquished Creatures
  A death yak (D)
  An unseen horror (D)
  A lindwurm (D)
  2 orc knights (D)
  An ugly thing (D)
  2 cane toads (D)
  A komodo dragon (D)
  4 tyrant leeches (D)
  A blink frog (D)
  A wyvern (D)
  4 yaks (D)
  Eustachio (D)
  A vampire mosquito (D)
  2 basilisks (D)
  6 orc warriors (D)
  A black bear (D)
  2 water moccasins (D)
  A sky beast (D)
  An ogre (D)
  A wolf (D)
  A centaur (D)
  4 bullfrogs (D)
  A wight (D)
  2 orc wizards (D)
  An orc priest (D)
  An adder (D)
  A white imp (D)
  3 worms (D)
  9 orcs (D)
  A ball python (D)
  A bat zombie (D)
  A giant cockroach (D)
  2 hobgoblins (D)
  A jackal (D)
  A kobold (D)
  A rat (D)
66 creatures vanquished.

Notes
Turn   | Place    | Note
-------+----------+-------------------------------------------
     0 | D        | mhtbhm the Halfling Hunter began the quest for the Orb.
     0 | D        | Reached XP level 1. HP: 14/14 MP: 1/1
     6 | D        | Reached skill level 6 in Slings
     9 | D        | Reached skill level 7 in Slings
    36 | D        | Reached XP level 2. HP: 19/19 MP: 2/2
    39 | D        | Reached skill level 8 in Slings
    42 | D        | Reached skill level 9 in Slings
    42 | D        | Reached XP level 3. HP: 18/24 MP: 3/3
    55 | D        | Found a roughly hewn altar of Beogh.
    55 | D        | Found a snail-covered altar of Cheibriados.
    55 | D        | Found a shadowy altar of Dithmenos.
    55 | D        | Found a white marble altar of Elyvilon.
    55 | D        | Found a blossoming altar of Fedhas.
    55 | D        | Found an opulent altar of Gozag.
    56 | D        | Found a hazy altar of Hepliaklqana.
    57 | D        | Found a viscous altar of Jiyva.
    58 | D        | Found an ancient bone altar of Kikubaaqudgha.
    59 | D        | Found a corrupted altar of Lugonu.
    60 | D        | Found a burning altar of Makhleb.
    61 | D        | Found a sparkling altar of Nemelex Xobeh.
    62 | D        | Found an iron altar of Okawaru.
    63 | D        | Found a stormy altar of Qazlal.
    64 | D        | Found a sacrificial altar of Ru.
    65 | D        | Found a shimmering blue altar of Sif Muna.
    66 | D        | Found a bloodstained altar of Trog.
    67 | D        | Found a hide-covered altar of Uskayaw.
    68 | D        | Found a radiant altar of Vehumet.
    69 | D        | Found an ornate altar of the Wu Jian Council.
    70 | D        | Became a worshipper of Warmaster Okawaru
    71 | D        | Found a shimmering altar of Xom.
    72 | D        | Found a basalt altar of Yredelemnul.
    73 | D        | Found a glowing silver altar of Zin.
    74 | D        | Found a glowing golden altar of the Shining One.
   240 | D        | Noticed a sky beast
   240 | D        | Noticed a wight
   240 | D        | Noticed a centaur
   248 | D        | Killed a centaur
   249 | D        | Reached skill level 1 in Short Blades
   249 | D        | Reached skill level 12 in Slings
   249 | D        | Reached skill level 1 in Armour
   249 | D        | Reached XP level 4. HP: 31/31 MP: 4/4
   249 | D        | Reached XP level 5. HP: 36/36 MP: 5/5
   254 | D        | Reached * piety under Okawaru
   255 | D        | Reached skill level 13 in Slings
   259 | D        | Killed a sky beast
   260 | D        | Reached skill level 14 in Slings
   260 | D        | Reached XP level 6. HP: 35/43 MP: 6/6
   268 | D        | Killed an unseen horror
   268 | D        | Reached ** piety under Okawaru
   268 | D        | Reached *** piety under Okawaru
   269 | D        | Reached skill level 18 in Slings
   269 | D        | Reached skill level 1 in Evocations
   269 | D        | Reached XP level 7. HP: 20/52 MP: 7/7
   269 | D        | Reached XP level 8. HP: 22/57 MP: 8/8
   459 | D        | Noticed a yak
   459 | D        | Noticed a green ugly thing
   474 | D        | Killed a green ugly thing
   474 | D        | Received a gift from Okawaru
   475 | D        | Reached skill level 5 in Short Blades
   475 | D        | Reached skill level 5 in Dodging
   482 | D        | Reached skill level 5 in Armour
   489 | D        | Killed a yak
   489 | D        | Reached **** piety under Okawaru
   490 | D        | Reached XP level 9. HP: 54/66 MP: 9/9
   490 | D        | Received a gift from Okawaru
   651 | D        | Noticed a komodo dragon
   651 | D        | Noticed a blink frog
   798 | D        | Killed a komodo dragon
   798 | D        | Received a gift from Okawaru
   982 | D        | Noticed a cane toad
   993 | D        | Reached skill level 10 in Short Blades
  1005 | D        | Killed a cane toad
  1006 | D        | Reached XP level 10. HP: 57/74 MP: 10/10
  1144 | D        | Noticed a cane toad
  1147 | D        | Noticed a death yak
  1188 | D        | Killed a death yak
  1188 | D        | Reached ***** piety under Okawaru
  1189 | D        | Reached skill level 10 in Fighting
  1369 | D        | Killed a cane toad
  1373 | D        | Received a gift from Okawaru
  1466 | D        | Noticed a lindwurm
  2159 | D        | Reached XP level 11. HP: 50/82 MP: 11/11
  2165 | D        | Killed a lindwurm
  2166 | D        | Reached skill level 15 in Short Blades
  2440 | D        | Noticed Eustachio
  2451 | D        | Killed Eustachio
  2491 | D        | Noticed an orc knight
  2517 | D        | Killed an orc knight
  2518 | D        | Reached skill level 10 in Armour
  2947 | D        | Noticed an orc knight
  2992 | D        | Killed an orc knight
  2996 | D        | Slain by an orc warrior

Illustrated notes

Levels and vault maps discovered:
D:        linesprint [early_d, line_temple, items_1, d_10, items_2, lair_1,
          lair_end, items_3, orc_1, orc_end, items_4, d_15, swamp_1, shoals_1,
          snake_1, spider_1, d_20, vaults_1, items_5, swamp_end, shoals_end,
          snake_end, spider_end, vaults_end, d_27, items_6, zot_1, zot_end,
          crypt_end, forest_end, elf_end, slime_end, tomb_end, abyss_end,
          pan_hell_end]

Skill      XL: |  1  2  3  4  5  6  7  8  9 10 11 |
---------------+----------------------------------+-----
Slings         | 7 9 12 14 18 | 18.6
Fighting       | 2 3 4 6 7 9 10 11 | 11.3
Short Blades   | 1 2 7 10 14 16 | 16.6
Armour         | 1 3 5 8 9 10 | 10.3
Dodging        | 3 4 5 6 7 8 |  8.1
Evocations     | 1 2 3 4 |  4.1
Stealth        | 2 3 |  3.8

Action                   |  1- 3 |  4- 6 |  7- 9 | 10-12 || total
-------------------------+-------+-------+-------+-------++-------
Melee: Rapier            |     3 |     3 |    60 |   243 ||   309
 Fire: Hunting sling     |    23 |    14 |    15 |    48 ||   100
Evoke: Wand              |       |     2 |     4 |     2 ||     8
  Use: Potion            |       |       |     1 |       ||     1
       Scroll            |       |       |     1 |     1 ||     2
 Stab: Sleeping          |       |       |       |     1 ||     1
Armor: Scale mail        |     1 |     4 |     9 |    35 ||    49
Dodge: Dodged            |    15 |     4 |    41 |    95 ||   155

Table legend: (Time is in decaauts)
 A = Elapsed time spent in this place.
 B = Non-inter-level travel time spent in this place.
 C = Inter-level travel time spent in this place.
 D = Time resting spent in this place.
 E = Time spent auto-exploring this place.
 F = Levels seen in this place.
 G = Mean time per level.
                   A        B        C        D        E       F      G
               +--------+--------+--------+--------+--------+-----+--------+
         Total |   2845 |   2845 |      0 |   1570 |    495 |   1 | 2845.0 |
       Dungeon |   2845 |   2845 |      0 |   1570 |    495 |   1 | 2845.0 |
               +--------+--------+--------+--------+--------+-----+--------+

Top non-repeatable levels by time:
       D: 2845 daAuts
